 Dungeon Crawl Stone Soup version 0.18-b1-10-g3f7de93 (webtiles) character file.

444518 dobroeutro the Peltast (level 24, -1/144 HPs)
             Began as a Gargoyle Fighter on Apr 29, 2016.
             Was the Champion of the Shining One.
             Killed from afar by Frederick (68 damage)
             ... with an iron shot
             ... on level 3 of the Crypt.
             The game lasted 02:31:14 (45161 turns).

dobroeutro the Peltast (Gargoyle Fighter)          Turns: 45161, Time: 02:31:14

Health: -1/144     AC: 59    Str: 37    XL:     24   Next: 17%
Magic:  27/30      EV: 20    Int: 15    God:    the Shining One [******]
Gold:   1860       SH: 40    Dex: 17    Spells: 0 memorised, 23 levels left

rFire  . . .     SeeInvis .     U - +9 eveningstar (freeze)
rCold  . . .     Gourm    .     O - +7 shadow dragon armour of the Cockroach {*Drain Str+9 Stlth++++}
rNeg   + + +     Faith    .     G - +0 large shield
rPois  ∞         Spirit   .     M - +2 hat {MR+}
rElec  +         Dismiss  .     q - +2 cloak
rCorr  .         Reflect  +     Z - +2 pair of gloves {Dex+3}
SustAt .         Harm     .     I - +2 pair of boots {run}
MR     +++++                    H - +4 amulet of reflection
Stlth  ++........               m - ring of the Mage {Wiz MR++ Int+3}
                                y - ring "Ceopiq" {MR+ Stlth+}

@: divine shield, glowing, quick, almost entirely resistant to hostile
enchantments, unstealthy
A: big wings, horns 1, yellow scales 1, agile 1, blink, clever 1, deterioration
1, frail 1, mutation resistance 1, negative energy resistance 1, regeneration 1,
electricity resistance, unbreathing, petrification resistance, rot immunity,
sturdy frame 1, AC +17
a: Fly, Blink, Divine Shield, Cleansing Flame, Summon Divine Warrior, Brand
Weapon With Holy Wrath, Renounce Religion
}: 2/15 runes: serpentine, barnacled


You were on level 3 of the Crypt.
You worshipped the Shining One.
The Shining One was exalted by your worship.
You were not hungry.

You visited 9 branches of the dungeon, and saw 44 of its levels.
You also visited: Labyrinth, Ossuary and Ice Cave.

You collected 5732 gold pieces.
You spent 3872 gold pieces at shops.

Inventory:

Hand Weapons
 u - the +6 shillelagh "Devastator" {shatter}
   (You found it on level 3 of the Elven Halls)
 U - a +9 eveningstar of freezing (weapon)
Armour
 q - a +2 cloak (worn)
 G - a +0 large shield (worn)
 I - a +2 pair of boots of running (worn)
 L - a +2 plate armour of cold resistance
 M - a +2 hat of magic resistance (worn)
 O - the +7 shadow dragon armour of the Cockroach (worn) {*Drain Str+9 Stlth++++}
   (You took it off a deep elf blademaster on level 3 of the Elven Halls)

   It affects your strength (+9).
   It causes draining when unequipped.
   It makes you much more stealthy.
 Z - a +2 pair of gloves of dexterity (worn)
Jewellery
 m - the ring of the Mage (right hand) {Wiz MR++ Int+3}
   (You bought it in a shop on level 1 of the Shoals)

   [ring of wizardry]

   It improves your spell success rate.
   It affects your intelligence (+3).
   It affects your resistance to hostile enchantments.
 y - the ring "Ceopiq" (left hand) {MR+ Stlth+}
   (You took it off a deep elf blademaster on level 3 of the Elven Halls)

   [ring of stealth]

   It affects your resistance to hostile enchantments.
   It makes you more stealthy.
 H - a +4 amulet of reflection (around neck)
 P - the amulet of Angosuhy {Regen+ Int+3}
   (You took it off a deep elf sorcerer on level 3 of the Elven Halls)

   [amulet of regeneration]

   It affects your intelligence (+3).
   It increases your rate of regeneration.
 S - the amulet "Tugiogeo" {Faith rC+++ Str-5 Dex-4 SInv}
   (You found it in an ossuary)

   [amulet of faith]

   It allows you to gain divine favour quickly.
   It affects your strength (-5).
   It affects your dexterity (-4).
   It renders you almost immune to cold.
   It lets you see invisible.
 V - an uncursed ring of see invisible
Wands
 b - a wand of disintegration (13/24)
 c - a wand of enslavement (19/24)
 i - a wand of hasting (3/9)
 x - a wand of polymorph (8/24)
 D - a wand of confusion (30/48)
 K - a wand of confusion (24/48)
 N - a wand of digging (17/24)
 R - a wand of teleportation (0/9)
Scrolls
 e - 4 scrolls of recharging
 h - 27 scrolls of remove curse
 j - 14 scrolls of teleportation
 o - 2 scrolls of amnesia
 p - 25 scrolls of identify
 r - 4 scrolls of blinking
 t - 6 scrolls of magic mapping
 w - 4 scrolls of fear
 C - 3 scrolls of enchant weapon
 E - 6 scrolls of fog
 W - a scroll of enchant armour
Potions
 a - 5 potions of agility
 d - 8 potions of might
 l - 11 potions of curing
 n - 6 potions of haste
 s - 2 potions of brilliance
 v - 5 potions of heal wounds
 A - 3 potions of resistance
 F - 2 potions of ambrosia
 X - 3 potions of cure mutation
 Y - 2 potions of invisibility
Comestibles
 f - 13 bread rations
 g - 18 meat rations
 z - 9 beef jerkies
 J - a royal jelly
 T - 20 fruits


   Skills:
 + Level 19.2 Fighting
 + Level 19.6 Maces & Flails
 + Level 19.5 Armour
 + Level 15.2 Dodging
 + Level 20.9 Shields
 - Level 10.0 Invocations


You had 23 spell levels left.
You didn't know any spells.

Dungeon Overview and Level Annotations

Branches:
Dungeon (15/15)            Temple (1/1) D:5            Lair (8/8) D:8
 Shoals (4/4) Lair:5        Snake (4/4) Lair:6        Slime (0/6) Lair:8
    Orc (2/2) D:10            Elf (3/3) Orc:2        Vaults (4/5) D:14
  Crypt (3/3) Vaults:2       Tomb (0/3) Crypt:3      Depths (0/5) D:15

Altars:
Ashenzari
Dithmenos
Elyvilon
Gozag
Kikubaaqudgha
Makhleb
Nemelex Xobeh
Okawaru
Pakellas
Qazlal
Ru
Sif Muna
Trog
Xom
Yredelemnul
Zin
The Shining One
Jiyva

Shops:
D:8 [   Orc:2 :[==*[?*}   Shoals:1 *?[=

Annotations:
D:5 Shenda's ghost, novice HOFi
Crypt:3 Frederick


Innate Abilities, Weirdness & Mutations

You are resistant to torment.
Your stone body is resilient (AC +17).
You are immune to poison.
Your large and strong wings let you fly indefinitely.
You resist negative energy.
You are resistant to electric shocks.
You can survive without breathing.
You are immune to petrification.
You are immune to rotting.
You have a pair of small horns on your head.
You are partially covered in yellow scales (AC +2).
You are agile. (Dex +2)
You can translocate small distances at will.
Your mind is acute. (Int +2)
Your body sometimes deteriorates upon taking damage.
You are frail (-10% HP).
You are somewhat resistant to further mutation.
Your natural rate of healing is unusually fast.
Your movements are slightly less encumbered by armour (ER -2).


Message History

The guardian mummy resists.
The bolt of cold hits you!
You impale the guardian mummy!! You freeze the guardian mummy.
You destroy the guardian mummy!
The Shining One accepts your kill.
You feel extremely nervous for a moment...
You shiver with cold.
Frederick gestures at you while chanting.
The bolt of cold hits the guardian mummy.
The guardian mummy resists.
The bolt of cold hits you!
Your shield is strengthened by the Shining One's divine power.
You feel slightly more hungry. You block the guardian mummy's attack.
Frederick points at you and mumbles some strange words.
The bolt of cold hits the guardian mummy.
The guardian mummy resists.
The guardian mummy is destroyed!
A malignant aura surrounds Frederick.
Frederick rots away!
The bolt of cold hits you!
Frederick gestures at you while chanting.
The iron shot hits you!
You die...

#...................#
#...................#
#...........######..#
#...........#....#..#
#####...........#....#..#
.............(...'....#..#
.................#....#..#
...............@.#....#(.#
..............@.#....#..#
.............##M#....#..#
##.....######.######..#
#####.....######......)..#
......................)..#
#.8.........8.##.#####'#)#
#.............##.#...>.+.#
#.8.........8.##.#.....#.#
#.............##.#.....#.#


You could see Frederick and a guardian mummy.

Vanquished Creatures
  Mennas (Crypt:2)
  Mara (Vaults:3)
  Sojobo (Vaults:2)
  Boris (Crypt:1)
  Vashnia (Snake:2)
  Jory (Crypt:2)
  A shard shrike zombie (Crypt:2)
  Rupert (Lair:5)
  A deep elf master archer (Crypt:1)
  6 deep elf blademasters
  Asterion (Vaults:3)
  The ghost of MuMo the Brawler, an adept TrMo of Okawaru (Vaults:1)
  3 titans
  3 ancient champions
  2 sphinxes
  A kraken (Shoals:1)
  Kirke (Snake:2)
  Frances (D:12)
  A revenant (Crypt:2)
  A storm dragon (Vaults:1)
  Roxanne (Shoals:2)
  Ilsuiw (Shoals:4)
  2 tengu reavers (Vaults:2)
  5 greater nagas (Snake:4)
  5 deep elf sorcerers
  Aizul (Snake:2)
  6 fire giants
  10 vault wardens
  5 frost giants
  7 ghouls (Crypt:1)
  An orc warlord (D:15)
  2 reapers (Crypt:2)
  5 deep elf elementalists (Elf:3)
  10 ironheart preservers
  14 stone giants
  3 very ugly things (Vaults:4)
  2 vampire knights
  5 deep elf demonologists
  6 deep elf annihilators
  A salamander stormcaller (Vaults:3)
  A purple draconian (Crypt:2)
  2 black draconians
  8 deep elf death magi
  3 merfolk javelineers (Shoals:4)
  8 vault guards
  8 merfolk impalers
  4 eidola (Crypt:2)
  3 ettins
  7 jiangshi
  4 fire dragons
  5 deep elf high priests (Elf:3)
  A minotaur (Lab)
  5 ice dragons
  11 yaktaur captains
  Fannar (Lair:3)
  4 rakshasas
  7 ogre magi
  8 naga warriors
  5 hydras
  8 centaur warriors
  A merfolk avatar (Shoals:2)
  3 death knights
  9 anacondas
  5 merfolk aquamancers
  An alligator snapping turtle (Shoals:2)
  A catoblepas (Lair:5)
  5 vampire magi
  A deep troll shaman (Vaults:2)
  The ghost of SkaryMonk the Covert, a journeyman OpAs of Dithmenos (Orc:1)
  3 tengu warriors (D:15)
  5 satyrs
  2 deep troll earth magi
  14 naga sharpshooters
  29 dancing weapons
  Urug (Lair:3)
  4 orc high priests
  7 shock serpents
  Sonja (Lair:7)
  22 deep elf knights
  5 unseen horrors
  4 shadow wraiths
  9 salamander mystics
  18 sea snakes
  2 titan skeletons (Crypt:1)
  20 skeletal warriors
  4 deep trolls
  4 wizards
  An unseen horror (shapeshifter) (Vaults:2)
  A deep troll (shapeshifter) (Elf:3)
  7 flayed ghosts
  16 deep elf archers
  4 lindwurms (Snake:4)
  17 harpies
  8 naga ritualists
  11 orc knights
  9 hill giants
  4 necromancers
  16 ironbrand convokers
  A sphinx zombie (Crypt:1)
  4 phantasmal warriors
  14 griffons
  15 mana vipers
  8 orc sorcerers
  7 wolf spiders
  An orb spider (shapeshifter) (Vaults:2)
  13 fauns
  4 hornets
  8 salamanders
  24 cyclopes
  49 deep elf magi
  A moth of wrath (shapeshifter) (Vaults:4)
  30 ugly things
  14 manticores
  An elephant (shapeshifter) (Vaults:1)
  An iron dragon skeleton (Crypt:1)
  A frost giant skeleton (Crypt:1)
  3 human skeletons
  4 elephants (Lair:7)
  14 sirens
  A guardian serpent (shapeshifter) (D:13)
  8 guardian serpents
  48 black mambas
  Psyche (D:9)
  11 vault sentinels
  23 naga magi
  2 ice statues (IceCv)
  A stone giant skeleton (Vaults:4)
  8 water nymphs
  4 gargoyles
  A torpor snail (Lair:4)
  23 spiny frogs
  3 kobold demonologists
  A black draconian zombie (Crypt:2)
  A rime drake (Lair:6)
  3 rime drakes (shapeshifter)
  26 yaktaurs
  A komodo dragon (shapeshifter) (Vaults:1)
  12 freezing wraiths
  6 komodo dragons
  A minotaur zombie (Lab)
  4 guardian mummies (Crypt:3)
  2 small abominations (Elf:3)
  30 merfolk
  5 wind drakes
  A polar bear (Lair:6)
  A two-headed ogre (shapeshifter) (D:15)
  12 trolls
  A wolf spider simulacrum (D:15)
  A hornet zombie (Crypt:1)
  8 blink frogs
  35 slime creatures
  A slime creature (shapeshifter) (Vaults:4)
  6 giant leeches (Lair:8)
  A raiju (shapeshifter) (Vaults:1)
  10 two-headed ogres
  6 boulder beetles
  An alligator zombie (Crypt:1)
  A bog body (Crypt:1)
  Prince Ribbit (D:9)
  A stone giant simulacrum (Crypt:1)
  9 snapping turtles
  A fire giant simulacrum (Vaults:3)
  A salamander simulacrum (Vaults:2)
  2 centaur simulacra (D:15)
  A spriggan (shapeshifter) (D:15)
  2 shadows
  2 air elementals
  4 wyverns
  Sigmund (D:5)
  A fire dragon skeleton (Crypt:2)
  2 redbacks (Lab)
  13 water elementals
  A hog (shapeshifter) (D:14)
  A fire elemental (Elf:1)
  76 yaks
  A vampire (D:9)
  A wind drake zombie (Crypt:2)
  9 hippogriffs
  A black mamba skeleton (Crypt:1)
  7 wraiths
  2 basilisks
  6 hogs (Snake:2)
  31 vampire mosquitoes
  A hippogriff (shapeshifter) (D:15)
  A mottled dragon (D:12)
  Menkaure (D:7)
  A harpy simulacrum (Crypt:2)
  A deep troll zombie (Vaults:1)
  A warg (Orc:2)
  49 nagas
  Edmund (D:5)
  12 water moccasins
  The ghost of juanjsm the Sneak, an amateur SpVM (D:4)
  9 porcupines
  39 orc warriors
  20 ice beasts
  4 sky beasts
  2 black bears
  A wasp (D:8)
  2 necrophages (Crypt:1)
  A snapping turtle zombie (Crypt:2)
  An ettin simulacrum (Vaults:4)
  7 boggarts
  A phantom (D:14)
  An elf zombie (Vaults:4)
  30 centaurs
  An eye of draining (shapeshifter) (Vaults:3)
  10 wolves
  21 ogres
  An anubis guard skeleton (Crypt:1)
  14 crocodiles
  3 big kobolds
  A big kobold (shapeshifter) (D:15)
  A fire crab zombie (Crypt:2)
  A dryad zombie (Crypt:3)
  33 giant frogs
  A gnoll sergeant (D:7)
  A yaktaur zombie (Crypt:2)
  4 earth elementals
  A draconian skeleton (Crypt:1)
  15 scorpions
  A queen bee zombie (Crypt:1)
  A water moccasin skeleton (D:8)
  17 wights
  23 killer bees
  9 electric eels
  4 howler monkeys
  A lava snake (Lair:8)
  5 centaur zombies
  9 crimson imps
  2 quasits
  5 centaur skeletons
  8 hounds
  A wolf skeleton (Crypt:2)
  2 giant frog zombies
  7 human zombies
  5 jellies
  16 orc priests
  A giant frog skeleton (D:12)
  9 iguanas
  A demonspawn skeleton (Crypt:2)
  Jessica (D:2)
  Ijyb (D:2)
  Terence (D:3)
  35 orc wizards
  10 worker ants
  21 sheep
  4 big kobold zombies (Ossuary)
  A crocodile skeleton (Crypt:2)
  2 hound zombies
  A hound skeleton (D:9)
  3 mummies (Ossuary)
  3 worker ant zombies
  A howler monkey zombie (D:9)
  11 gnolls
  A howler monkey skeleton (D:4)
  5 scorpion zombies (Ossuary)
  13 adders
  55 river rats
  2 shadow imps
  A swamp drake skeleton (Crypt:1)
  2 oozes
  An adder zombie (D:7)
  A sheep zombie (Crypt:1)
  4 worms
  A dart slug (D:2)
  2 giant geckos
  82 orcs
  4 bats
  7 giant cockroaches
  A goblin (D:1)
  4 hobgoblins
  4 jackals
  10 kobolds
  4 quokkas
  A giant gecko skeleton (D:5)
  5 giant newts
  A gnoll zombie (Ossuary)
  2 goblin zombies (Ossuary)
  2 hobgoblin zombies (Ossuary)
  2 kobold zombies (Ossuary)
  5 orc zombies
  3 rats
  2 plants (Lair:7)
1949 creatures vanquished.

Vanquished Creatures (others)
  A deep elf master archer (Elf:3)
  A vault warden (Vaults:2)
  A deep elf elementalist (Elf:3)
  A stone giant (Vaults:2)
  A deep elf annihilator (Elf:3)
  A merfolk javelineer (Shoals:4)
  A vault guard (Vaults:3)
  2 yaktaur captains (Vaults:1)
  2 centaur warriors
  A satyr (Shoals:4)
  2 deep elf knights
  2 deep elf archers
  A cyclops (Shoals:4)
  A faun (Shoals:3)
  2 black mambas (Snake:4)
  5 yaktaurs
  A guardian mummy (Crypt:3)
  A human (Snake:3)
  A centaur (Vaults:1)
  A boggart (Vaults:1)
  2 river rats
  An orc (Orc:2)
  An orc zombie (Ossuary)
  5 fungi
  3 lost souls
  21 plants
  4 tentacles (Shoals:1)
  25 tentacle segments (Shoals:1)
91 creatures vanquished.

Grand Total: 2040 creatures vanquished

Notes
Turn   | Place    | Note
--------------------------------------------------------------
     0 | D:1      | dobroeutro the Gargoyle Fighter began the quest for the Orb.
     0 | D:1      | Reached XP level 1. HP: 14/14 MP: 1/1
   384 | D:1      | Reached XP level 2. HP: 14/19 MP: 2/2
   788 | D:2      | Noticed Jessica
   796 | D:2      | Killed Jessica
   796 | D:2      | Reached XP level 3. HP: 23/23 MP: 3/3
   861 | D:2      | Noticed Ijyb
   882 | D:2      | Killed Ijyb
   882 | D:2      | Reached XP level 4. HP: 13/28 MP: 4/4
   945 | D:2      | Reached skill level 5 in Maces & Flails
   945 | D:2      | Reached XP level 5. HP: 13/32 MP: 5/5
  1906 | D:3      | Noticed Terence
  1917 | D:3      | Killed Terence
  1924 | D:3      | Reached XP level 6. HP: 35/37 MP: 4/6
  2293 | D:4      | Noticed juanjsm's ghost (amateur SpVM)
  2321 | D:4      | Killed juanjsm's ghost
  2563 | D:4      | Reached XP level 7. HP: 27/41 MP: 4/7
  2893 | D:5      | Entered Level 5 of the Dungeon
  3083 | D:5      | Noticed Sigmund
  3114 | D:5      | Killed Sigmund
  3332 | D:5      | Noticed Shenda's ghost (novice HOFi)
  3340 | D:5      | HP: 2/41 [Shenda's ghost (12)]
  3683 | D:5      | Noticed Edmund
  3706 | D:5      | Killed Edmund
  3706 | D:5      | Reached XP level 8. HP: 41/46 MP: 8/8
  3811 | D:5      | Found a staircase to the Ecumenical Temple.
  3839 | Temple   | Entered the Ecumenical Temple
  3870 | Temple   | Became a worshipper of Warmaster Okawaru
  4311 | D:6      | Reached skill level 10 in Maces & Flails
  4507 | D:6      | Reached * piety under Okawaru
  4580 | D:6      | Gained mutation: You possess an exceptional clarity of mind. [mutagenic meat]
  4581 | D:6      | Gained mutation: Your natural rate of healing is unusually fast. [mutagenic meat]
  4583 | D:6      | Gained mutation: You have large cloven feet. [mutagenic meat]
  4584 | D:6      | Lost mutation: You possess an exceptional clarity of mind. [mutagenic meat]
  4721 | D:7      | Found a sand-covered staircase.
  4753 | D:7      | Reached skill level 1 in Dodging
  4762 | D:7      | Reached XP level 9. HP: 47/52 MP: 7/9
  4780 | D:7      | Reached skill level 4 in Shields
  4829 | Ossuary  | Entered an ossuary
  4926 | Ossuary  | Reached ** piety under Okawaru
  5194 | Ossuary  | Reached skill level 5 in Fighting
  5220 | Ossuary  | Got a twitching platinum amulet
  5323 | D:7      | Reached skill level 5 in Armour
  5323 | D:7      | Reached skill level 5 in Shields
  5345 | D:7      | Identified the amulet "Tugiogeo" {Faith rC+++ Str-5 Dex-4 SInv} (You found it in an ossuary)
  5420 | D:7      | Noticed Menkaure
  5428 | D:7      | Killed Menkaure
  5480 | D:7      | Found a shimmering altar of Xom.
  5670 | D:7      | Found a deep blue altar of Sif Muna.
  5701 | D:7      | Found a sparkling altar of Nemelex Xobeh.
  5703 | D:7      | Found an opulent altar of Gozag.
  5788 | D:7      | Gained mutation: Your large and strong wings let you fly indefinitely. [potion of mutation]
  5789 | D:7      | Gained mutation: You have hoof-like feet. [potion of mutation]
  5885 | D:8      | Found Tuyho's Armour Shop.
  5936 | D:8      | Reached XP level 10. HP: 59/60 MP: 8/10
  6050 | D:8      | Found a glowing silver altar of Zin.
  6050 | D:8      | Found a burning altar of Makhleb.
  6051 | D:8      | Noticed a balrug
  6051 | D:8      | Noticed an angel
  6089 | D:8      | Reached skill level 6 in Shields
  6090 | D:8      | Found a staircase to the Lair.
  6130 | D:8      | Reached *** piety under Okawaru
  6218 | D:8      | Found an ancient bone altar of Kikubaaqudgha.
  6529 | D:9      | Noticed Prince Ribbit
  6530 | D:9      | Found a basalt altar of Yredelemnul.
  6551 | D:9      | Killed Prince Ribbit
  6555 | D:9      | Gained mutation: You are partially covered in yellow scales (AC +2). [mutagenic meat]
  6781 | D:8      | Reached **** piety under Okawaru
  6858 | D:9      | Reached skill level 7 in Shields
  6913 | D:9      | Noticed Psyche
  6933 | D:9      | Killed Psyche
  7018 | D:9      | Reached XP level 11. HP: 66/67 MP: 11/11
  7032 | D:9      | Found a sacrificial altar of Ru.
  7034 | D:9      | Found a stormy altar of Qazlal.
  7034 | D:9      | Found a shadowy altar of Dithmenos.
  7034 | D:9      | Found a glowing golden altar of the Shining One.
  7488 | D:10     | Entered Level 10 of the Dungeon
  7850 | D:10     | Reached ***** piety under Okawaru
  8062 | D:10     | Found a staircase to the Orcish Mines.
  8129 | D:10     | Reached skill level 5 in Dodging
  8293 | D:10     | Reached skill level 8 in Shields
  8637 | D:10     | Killed an unseen horror
  8820 | D:11     | Reached ****** piety under Okawaru
  8822 | D:11     | Received a gift from Okawaru
  8907 | D:11     | Reached XP level 12. HP: 75/75 MP: 12/12
  9014 | D:11     | Reached skill level 9 in Shields
  9354 | D:11     | Received a gift from Okawaru
  9664 | D:12     | Found a glowing silver altar of Zin.
  9738 | D:12     | Noticed Frances
  9763 | D:12     | Killed Frances
  9865 | D:12     | Received a gift from Okawaru
 10166 | D:12     | Reached skill level 10 in Shields
 10197 | D:12     | Reached XP level 13. HP: 54/82 MP: 13/13
 10280 | D:13     | Reached skill level 10 in Armour
 10366 | D:13     | Gained mutation: You are somewhat resistant to further mutation. [mutagenic meat]
 10367 | D:13     | Gained mutation: Your muscles are strong. (Str +2) [mutagenic meat]
 10368 | D:13     | Lost mutation: Your muscles are strong. (Str +2) [mutagenic meat]
 10478 | D:13     | Reached skill level 10 in Fighting
 10483 | D:13     | Lost mutation: You have hoof-like feet. [mutagenic meat]
 10953 | D:14     | Found a gate to the Vaults.
 10953 | D:14     | Noticed a vault guard
 10953 | D:14     | Noticed a vault guard
 10953 | D:14     | Noticed a vault guard
 10954 | D:14     | Noticed a vault guard
 10970 | D:14     | Killed a vault guard
 10983 | D:14     | Killed a vault guard
 10993 | D:14     | Killed a vault guard
 10993 | D:14     | Received a gift from Okawaru
 11006 | D:14     | Killed a vault guard
 11027 | D:14     | Gained mutation: You are agile. (Dex +2) [mutagenic meat]
 11157 | D:14     | Gained mutation: You are surrounded by a mild repulsion field (EV +2). [mutagenic meat]
 11313 | D:14     | Reached skill level 11 in Shields
 11527 | D:15     | Entered Level 15 of the Dungeon
 11594 | D:15     | Received a gift from Okawaru
 11597 | D:15     | Got a jewelled mace {god gift}
 11598 | D:15     | Identified the +4 mace of Ynar {freeze, -Tele Fragile rPois Str+9} (Okawaru gifted it to you on level 15 of the Dungeon)
 11700 | D:15     | Mutation became permanent: Your large and strong wings let you fly indefinitely. [Gargoyle growth]
 11700 | D:15     | Reached XP level 14. HP: 81/90 MP: 14/14
 11914 | D:15     | Lost mutation: You have large cloven feet. [mutagenic meat]
 12013 | D:15     | Found a shadowy altar of Dithmenos.
 12014 | D:15     | Found a shimmering altar of Xom.
 12014 | D:15     | Found a basalt altar of Yredelemnul.
 12078 | D:15     | Received a gift from Okawaru
 12177 | D:14     | Gained mutation: You can translocate small distances at will. [mutagenic meat]
 12178 | D:14     | Gained mutation: You have a pair of small horns on your head. [mutagenic meat]
 12311 | D:15     | Lost mutation: You are surrounded by a mild repulsion field (EV +2). [mutagenic meat]
 12312 | D:15     | Gained mutation: You are frail (-10% HP). [mutagenic meat]
 12457 | D:15     | Gained mutation: Your body sometimes deteriorates upon taking damage. [mutagenic meat]
 12719 | D:15     | Received a gift from Okawaru
 12842 | D:15     | Reached skill level 12 in Shields
 13006 | D:15     | Noticed a frost giant
 13303 | Lair:1   | Entered Level 1 of the Lair of Beasts
 13344 | Lair:1   | Reached XP level 15. HP: 78/86 MP: 15/15
 13506 | Lair:1   | Got a steaming long sword
 13512 | Lair:1   | Identified the +3 long sword "Sozal" {flame, +Rage rC+ Str+3 Dex+2} (You found it on level 1 of the Lair of Beasts)
 13635 | Lair:1   | Found a shimmering altar of Xom.
 14745 | Lair:3   | Noticed Urug
 14754 | Lair:3   | Killed Urug
 14901 | Lair:3   | Noticed Fannar
 15117 | Lair:3   | Killed Fannar
 15424 | Lair:4   | Noticed Sonja
 16163 | Lair:5   | You are sucked into a shaft for 2 floors!
 16173 | Lair:7   | Killed Sonja
 16193 | Lair:7   | Received a gift from Okawaru
 16217 | Lair:7   | Found a frozen archway.
 16248 | IceCv    | Entered an ice cave
 16528 | IceCv    | Got an ancient iron amulet
 16530 | IceCv    | Identified the amulet of Contentment {Faith *Drain Int+6 Dex+4} (You found it in an ice cave)
 17737 | Lair:8   | Entered Level 8 of the Lair of Beasts
 17889 | Lair:8   | Found a runed door.
 17890 | Lair:8   | Found a viscous altar of Jiyva.
 17900 | Lair:8   | Found a staircase to the Slime Pits.
 17958 | Lair:8   | Reached skill level 13 in Shields
 17980 | Lair:8   | Received a gift from Okawaru
 17996 | Lair:8   | Reached skill level 1 in Invocations
 18038 | Lair:8   | Identified a +2 pair of boots of running (Okawaru gifted it to you on level 8 of the Lair of Beasts)
 18082 | Lair:8   | Got a crude mace
 18109 | Lair:8   | Reached skill level 15 in Maces & Flails
 18123 | Lair:8   | Reached skill level 10 in Dodging
 18140 | Lair:8   | Identified the +9 mace of the Sun {freeze, Str+2} (You found it on level 8 of the Lair of Beasts)
 18743 | Lair:6   | Found a labyrinth entrance.
 18752 | Lab      | Entered a labyrinth
 18900 | Lab      | Reached XP level 16. HP: 92/93 MP: 17/17
 18902 | Lab      | Got a wavering ruby amulet
 18905 | Lab      | Identified the amulet of Werah {RegenMP Fragile +Inv rPois Int+7} (You found it in a labyrinth)
 18917 | Lab      | Got an encrusted chain mail
 18959 | Lab      | Identified the +3 chain mail "Lounyhu" {*Corrode rPois Stlth+} (You found it in a labyrinth)
 19070 | Lair:6   | Found a staircase to the Snake Pit.
 20110 | Lair:5   | Noticed Rupert
 20125 | Lair:5   | Killed Rupert
 20125 | Lair:5   | Received a gift from Okawaru
 20144 | Lair:5   | Found a staircase to the Shoals.
 20986 | D:15     | Found a staircase to the Depths.
 21253 | D:15     | Gained mutation: Your movements are slightly less encumbered by armour (ER -2). [mutagenic meat]
 21298 | D:15     | Paralysed by an ogre mage for 7 turns
 21342 | D:15     | Paralysed by a wizard for 2 turns
 21648 | D:15     | Identified a scroll of acquirement
 21827 | Orc:1    | Entered Level 1 of the Orcish Mines
 21859 | Orc:1    | Noticed SkaryMonk's ghost (journeyman OpAs)
 21868 | Orc:1    | Killed SkaryMonk's ghost
 21868 | Orc:1    | Reached skill level 5 in Invocations
 21927 | Orc:1    | Received a gift from Okawaru
 21948 | Orc:1    | Got a transparent morningstar {god gift}
 21952 | Orc:1    | Identified the +7 morningstar of Opuu {vamp, +Inv +Fly rN++ MR-} (Okawaru gifted it to you on level 1 of the Orcish Mines)
 22155 | Orc:2    | Entered Level 2 of the Orcish Mines
 22155 | Orc:2    | Found Voudim's Antique Armour Shop.
 22162 | Orc:2    | Paralysed by an orc sorcerer for 7 turns
 22205 | Orc:2    | Found Pyruh Xasov's Jewellery Shop.
 22342 | Orc:2    | Found Gosheon's Magic Scroll Emporium.
 22368 | Orc:2    | Found Mobelof's Gadget Shoppe.
 22559 | Orc:2    | Found a staircase to the Elven Halls.
 22647 | Orc:2    | Found Rextegh's Jewellery Emporium.
 22667 | Orc:2    | Found Bodghyen's Book Emporium.
 22892 | Orc:2    | Found Mazybaka's General Store.
 22895 | Orc:2    | Found Ijuat's Antique Armour Boutique.
 22902 | Orc:2    | Found Xuriuv's General Store.
 22944 | Orc:2    | Reached XP level 17. HP: 99/99 MP: 21/21
 23015 | Orc:2    | Bought a jasper-encrusted plate armour for 784 gold pieces
 23025 | Orc:2    | Identified the cursed +0 plate armour of Feajampoghoi {+Fly rPois Str+2 Int+4} (You bought it in a shop on level 2 of the Orcish Mines)
 23087 | Orc:2    | Bought a runed cloak for 130 gold pieces
 23087 | Orc:2    | Bought a pair of glowing gloves for 130 gold pieces
 23160 | Orc:2    | Bought an uncursed ring of protection from magic for 275 gold pieces
 23232 | Orc:2    | Bought a scroll of enchant weapon for 120 gold pieces
 23232 | Orc:2    | Bought a scroll of enchant armour for 120 gold pieces
 23305 | Orc:2    | Bought a manual of Shields for 1435 gold pieces
 23546 | Snake:1  | Entered Level 1 of the Snake Pit
 23663 | Snake:1  | Reached skill level 14 in Shields
 24527 | Snake:2  | Noticed Vashnia
 24729 | Snake:2  | Noticed Kirke
 24737 | Snake:2  | Noticed Aizul
 24740 | Snake:2  | Killed Kirke
 24761 | Snake:2  | Killed Aizul
 25501 | Snake:2  | Received a gift from Okawaru
 25534 | Snake:2  | Killed Vashnia
 26367 | Snake:3  | Reached skill level 15 in Shields
 26522 | Snake:3  | Received a gift from Okawaru
 26828 | Snake:4  | Entered Level 4 of the Snake Pit
 26998 | Snake:4  | Reached XP level 18. HP: 89/105 MP: 23/23
 27359 | Snake:4  | Received a gift from Okawaru
 27859 | Snake:4  | Reached skill level 15 in Armour
 27859 | Snake:4  | Reached skill level 16 in Shields
 28076 | Snake:4  | Reached skill level 15 in Fighting
 28419 | Snake:4  | Got a serpentine rune of Zot
 28591 | Snake:2  | Received a gift from Okawaru
 28789 | Shoals:1 | Entered Level 1 of the Shoals
 28791 | Shoals:1 | Found Ving's Magic Scroll Shoppe.
 28808 | Shoals:1 | Found Booxkygh's Armour Boutique.
 28832 | Shoals:1 | Found Ruahen's Jewellery Emporium.
 29236 | Shoals:1 | Reached XP level 19. HP: 98/111 MP: 26/26
 29353 | Shoals:1 | Identified a -2 rod of shadows (10/10) (You found it on level 1 of the Shoals)
 29669 | Shoals:2 | Reached skill level 17 in Shields
 29812 | Shoals:2 | Noticed Roxanne
 29833 | Shoals:2 | Killed Roxanne
 29958 | Shoals:2 | Reached skill level 10 in Invocations
 31253 | Shoals:4 | Entered Level 4 of the Shoals
 31295 | Shoals:4 | Received a gift from Okawaru
 31673 | Shoals:4 | Noticed Ilsuiw
 31748 | Shoals:4 | Killed Ilsuiw
 31767 | Shoals:4 | Reached skill level 18 in Shields
 31788 | Shoals:4 | Reached XP level 20. HP: 48/117 MP: 27/27
 32253 | Shoals:4 | Got a barnacled rune of Zot
 32824 | Vaults:1 | Entered Level 1 of the Vaults
 32946 | Vaults:1 | Got a shimmering tin ring
 32948 | Vaults:1 | Identified the ring "Niahied" {MR+ Str+5 Int+3 Dex-4 Stlth+} (You found it on level 1 of the Vaults)
 32968 | Vaults:1 | Received a gift from Okawaru
 32972 | Vaults:1 | Got a slimy mace {god gift}
 32973 | Vaults:1 | Identified the +3 mace of Destiny {holy, Str+10} (Okawaru gifted it to you on level 1 of the Vaults)
 33003 | Vaults:1 | Noticed MuMo's ghost (adept TrMo)
 33056 | Vaults:1 | Killed MuMo's ghost
 33526 | Vaults:1 | Gained mutation: Your mind is acute. (Int +2) [mutagenic meat]
 33629 | Vaults:1 | Received a gift from Okawaru
 34148 | Vaults:1 | Received a gift from Okawaru
 34726 | Shoals:1 | Bought the ring of the Mage {Wiz MR++ Int+3} for 878 gold pieces
 35005 | Elf:1    | Entered Level 1 of the Elven Halls
 35298 | Elf:1    | Reached XP level 21. HP: 122/124 MP: 28/28
 35842 | Elf:1    | Reached skill level 19 in Shields
 36302 | Elf:2    | Found Womurgh's General Store.
 36762 | Elf:2    | Found a runed gate.
 36762 | Elf:2    | Found a runed gate.
 36762 | Elf:2    | Found a runed gate.
 37221 | Elf:3    | Entered Level 3 of the Elven Halls
 38209 | Elf:3    | Received a gift from Okawaru
 38592 | Elf:3    | Reached XP level 22. HP: 130/130 MP: 29/29
 38595 | Elf:3    | Got an iridescent great sword {elec}
 38611 | Elf:3    | Identified the +1 great sword "Qiceg" {elec, rN+ Stlth+} (You took it off a deep elf annihilator on level 3 of the Elven Halls)
 38730 | Elf:3    | Got a scorched turquoise ring
 38731 | Elf:3    | Got a twisted shadow dragon armour
 38742 | Elf:3    | Identified the +7 shadow dragon armour of the Cockroach {*Drain Str+9 Stlth++++} (You took it off a deep elf blademaster on level 3 of the Elven Halls)
 38747 | Elf:3    | Got a pitted tin amulet
 38814 | Elf:3    | Identified the ring "Ceopiq" {MR+ Stlth+} (You took it off a deep elf blademaster on level 3 of the Elven Halls)
 38816 | Elf:3    | Identified the amulet of Angosuhy {Regen+ Int+3} (You took it off a deep elf sorcerer on level 3 of the Elven Halls)
 38940 | Elf:3    | Got a clouded granite ring
 39422 | Vaults:2 | Noticed Sojobo
 39767 | Vaults:2 | Killed Sojobo
 39880 | Vaults:2 | Received a gift from Okawaru
 40355 | Vaults:2 | Found a staircase to the Crypt.
 40654 | Vaults:2 | Identified the ring "Poipsir" {MP+9 Str+5} (You took it off a deep elf mage on level 3 of the Elven Halls)
 40760 | Vaults:2 | Reached skill level 20 in Shields
 40921 | Vaults:3 | Noticed Asterion
 40938 | Vaults:3 | Killed Asterion
 41283 | Vaults:3 | Noticed Mara
 41288 | Vaults:3 | Noticed dobroeutro's illusion
 41332 | Vaults:3 | Killed Mara
 41425 | Vaults:3 | Reached XP level 23. HP: 136/136 MP: 30/30
 41620 | Vaults:3 | Received a gift from Okawaru
 43055 | D:9      | Fell from the grace of Okawaru
 43055 | D:9      | Became a worshipper of the Shining One
 43332 | Crypt:1  | Entered Level 1 of the Crypt
 43354 | Crypt:1  | Noticed Boris
 43364 | Crypt:1  | Reached * piety under the Shining One
 43371 | Crypt:1  | Killed Boris
 43726 | Crypt:1  | Reached ** piety under the Shining One
 43839 | Crypt:1  | Reached *** piety under the Shining One
 44235 | Crypt:2  | Reached **** piety under the Shining One
 44256 | Crypt:2  | Reached skill level 15 in Dodging
 44383 | Crypt:2  | Reached ***** piety under the Shining One
 44544 | Crypt:2  | Noticed Mennas
 44572 | Crypt:2  | Killed Mennas
 44578 | Crypt:2  | Reached XP level 24. HP: 128/144 MP: 30/30
 44601 | Crypt:2  | Noticed Jory
 44623 | Crypt:2  | Killed Jory
 45018 | Crypt:3  | Entered Level 3 of the Crypt
 45035 | Crypt:3  | Found a staircase to the Tomb.
 45051 | Crypt:3  | Reached ****** piety under the Shining One
 45139 | Crypt:3  | Noticed Frederick
 45161 | Crypt:3  | Killed from afar by Frederick

Skill      XL: |  1  2  3  4  5  6  7  8  9 10 11 12 13 14 15 16 17 18 19 20 21 22 23 |
---------------+----------------------------------------------------------------------+-----
Maces & Flails | 3 4 5 6 7 9 10 11 12 13 14 15 16 17 18 19 | 19.6
Dodging        | 1 2 4 5 6 7 9 10 11 12 13 14 15 | 15.2
Fighting       | 5 7 8 9 11 12 13 14 15 16 17 18 19 | 19.2
Shields        | 5 7 8 10 11 12 13 15 16 18 19 20 | 20.9
Armour         | 5 6 8 9 11 12 13 14 15 16 17 18 19 | 19.5
Invocations    | 2 5 7 9 10 | 10.0

Action                   |  1- 3 |  4- 6 |  7- 9 | 10-12 | 13-15 | 16-18 | 19-21 | 22-24 || total
-------------------------+-------+-------+-------+-------+-------+-------+-------+-------++-------
Melee: Flail             |    74 |       |       |       |       |       |       |       ||    74
       Club              |       |   166 |   537 |   562 |       |       |       |       ||  1265
       Kick              |       |       |   132 |   304 |    93 |       |       |       ||   529
       Morningstar       |       |       |       |   401 |   921 |       |       |       ||  1322
       Headbutt          |       |       |       |       |   225 |   469 |   442 |   456 ||  1592
       Eveningstar       |       |       |       |       |   480 |  1746 |  1599 |  1036 ||  4861
       Shillelagh        |       |       |       |       |       |       |       |   348 ||   348
Invok: Heroism           |       |       |       |     2 |     9 |     9 |     5 |     2 ||    27
       Finesse           |       |       |       |       |       |     3 |     3 |     2 ||     8
       Divine Shield     |       |       |       |       |       |       |       |     1 ||     1
 Abil: Fly               |       |       |       |       |     1 |       |       |       ||     1
       Stop Flying       |       |       |       |       |       |       |     1 |     1 ||     2
       Blink             |       |       |       |       |       |       |       |     1 ||     1
Evoke: Wand              |       |       |     2 |       |     3 |     1 |       |       ||     6
  Use: Scroll            |       |       |    13 |    17 |    14 |    12 |     2 |     4 ||    62
       Potion            |       |       |     2 |     1 |     1 |     1 |     4 |       ||     9
 Stab: Distracted        |       |       |       |       |       |     1 |       |     2 ||     3
       Sleeping          |       |       |       |       |       |       |       |     7 ||     7
  Eat: Chunk             |       |     4 |    14 |    10 |    41 |     9 |    22 |    15 ||   115
       Bread ration      |       |       |     1 |     2 |     4 |     5 |       |     1 ||    13
       Pizza             |       |       |       |       |       |     2 |       |     1 ||     3
       Royal jelly       |       |       |       |       |       |     2 |     2 |       ||     4
       Beef jerky        |       |       |       |       |       |       |     5 |     4 ||     9
       Fruit             |       |       |       |       |       |       |     1 |       ||     1
       Meat ration       |       |       |       |       |       |       |     1 |       ||     1
Armor: Scale mail        |    47 |    62 |   209 |   209 |   239 |       |       |       ||   766
       Chain mail        |       |       |       |   339 |   399 |     2 |       |       ||   740
       Plate armour      |       |       |       |       |       |   770 |   488 |     7 ||  1265
       Shadow dragon arm |       |       |       |       |       |       |       |   372 ||   372
Dodge: Dodged            |    28 |    34 |   120 |   303 |   602 |   613 |   364 |   408 ||  2472
Block: Shield            |    45 |    63 |   237 |   561 |   931 |   730 |       |       ||  2567
       Large shield      |       |       |       |       |       |   637 |  1678 |  1655 ||  3970
       Reflection        |       |       |       |       |       |       |   235 |    92 ||   327
